 Dungeon Crawl Stone Soup version 0.31.0-12-g77e489cdc1 (webtiles) character file.

Game seed: 7140048067477727512

666 NotreDorf the Magician (level 7, -2/46 HPs)
             Began as a Mummy Alchemist on Feb 12, 2024.
             Was an Initiate of Vehumet.
             Slain by a white imp (4 damage)
             ... on level 5 of the Dungeon.
             The game lasted 00:21:32 (4354 turns).

NotreDorf the Magician (Mummy Alchemist)            Turns: 4354, Time: 00:21:33

Health: -2/46      AC:  3    Str: 11    XL:     7   Next: 31%
Magic:  15/15      EV: 12    Int: 17    God:    Vehumet [......]
Gold:   217        SH:  0    Dex: 12    Spells: 3/17 levels left

rFire   . . .        c - +2 spear (freeze)
rCold   + + .        (no shield)
rNeg    + + +        a - +0 robe
rPois   ∞            (no helmet)
rElec   .            o - scarf {rC+ rF+}
rCorr   .            (no gloves)
SInv    .            f - +0 pair of boots
Will    .....        (no amulet)
Stlth   ++           (no ring)
HPRegen 0.27/turn    (no ring)
MPRegen 0.14/turn

%: faith
@: no status effects
A: cold resistance 1, negative energy resistance 3, torment resistance 2, heat
vulnerability 1, in touch with death 1, no potions, faith
a: Renounce Religion


You were on level 5 of the Dungeon.
You worshipped Vehumet.
Vehumet was noncommittal.
You visited 2 branches of the dungeon, and saw 6 of its levels.

You collected 217 gold pieces.

Inventory:

Hand Weapons
 c - a +2 spear of freezing (weapon)
 h - a +1 dagger of venom
Armour
 a - a +0 robe (worn)
 f - a +0 pair of boots (worn)
 o - a scarf of resistance (worn)
Jewellery
 j - a ring of see invisible
 l - a ring of protection from cold
Wands
 k - a wand of quicksilver (7)
 p - a wand of charming (11)
Scrolls
 b - 2 scrolls of fog {unknown}
 d - a scroll of amnesia {unknown}
 e - 4 scrolls of immolation {unknown}
 g - 4 scrolls of identify {unknown}
 i - 2 scrolls of vulnerability {unknown}
 m - 3 scrolls of teleportation {unknown}
 n - a scroll of enchant armour {unknown}


   Skills:
 - Level 1.5 Dodging
 - Level 2.0 Stealth
 + Level 5.6 Spellcasting
 + Level 3.3 Conjurations
 + Level 1.6 Fire Magic
 + Level 1.6 Air Magic
 + Level 4.1 Alchemy


You had 3 spell levels left.
You knew the following spells:

 Your Spells              Type           Power      Damage    Failure   Level
a - Sting                 Conj/Alch      68%        1d7       3%          1
b - Mercury Vapours       Alch/Air       28%        N/A       6%          2
c - Mephitic Cloud        Conj/Alch/Air  15%        N/A       12%         3
d - Sticky Flame          Fire/Alch      14%        2d5       38%         4
e - Olgreb's Toxic Radia  Alch           18%        N/A       24%         4

Your spell library contained the following spells:

 Spells                   Type           Power      Damage    Failure   Level
 Lesser Beckoning         Tloc           8%         N/A       21%         2
 Hailstorm                Conj/Ice       10%        3d6       21%         3
 Inner Flame              Hex/Fire       7%         N/A       28%         3
 Gell's Gravitas          Tloc           4%         N/A       38%         3
 Summon Ice Beast         Ice/Summ       4%         N/A       38%         3
 Teleport Other           Tloc           4%         N/A       38%         3
 Irradiate                Conj/Alch      8%         3d14      63%         5
 Sculpt Simulacrum        Ice/Alch       5%         N/A       100%        6
 Ignition                 Fire           5%         3d4       100%        8


Dungeon Overview and Level Annotations

Branches:
Dungeon (5/15)             Temple (1/1) D:4

Altars:
Ashenzari
Cheibriados
Dithmenos
Fedhas
Hepliaklqana
Kikubaaqudgha
Makhleb
Nemelex Xobeh
Okawaru
Qazlal
Ru
Sif Muna
Trog
Uskayaw
Vehumet
Wu Jian
Yredelemnul

Shops:
D:3 !


Innate Abilities, Weirdness & Mutations

You are immune to poison.
Your flesh is cold resistant. (rC+)
You are immune to negative energy. (rN+++)
You are immune to unholy pain and torment.
You are vulnerable to heat. (rF-)
You are in touch with the powers of death.
You do not drink.
You have a special connection with the divine. (Faith)


Message History

You hit the iguana. You freeze the iguana.
The iguana is severely wounded.
The iguana bites you.
You closely miss the iguana.
The iguana is severely wounded.
The iguana bites you!
You barely miss the iguana.
The iguana is almost dead.
The iguana bites you!
* * * LOW HITPOINT WARNING * * *
You hit the iguana. You freeze the iguana.
You kill the iguana!
Vehumet accepts your kill. The white imp gestures at you.
The puff of frost hits you. You resist.
* * * LOW HITPOINT WARNING * * *
Unknown command.
You are too injured to fight recklessly!
Reach: c) +2 spear (freeze)
Press: ? - help, Dir - move target, f/p - white imp
Aim: a white imp (lightly wounded, about 38% to evade your +2 spear of freezing)
You reach to attack!
You hit the white imp but do no damage.
The white imp is lightly wounded.
The white imp gestures at you. The puff of frost misses you.
You hit the white imp.
The white imp is severely wounded.
The white imp hits you but does no damage.
You hit the white imp but do no damage.
The white imp is severely wounded.
The white imp barely misses you.
You hit the white imp.
The white imp is almost dead.
The white imp gestures at you. The puff of frost hits you. You resist.
* * * LOW HITPOINT WARNING * * *
You closely miss the white imp.
The white imp is almost dead.
The white imp hits you.
You die...

....... .......
....... ....#.#
......# .....
###.#########..##..#
...........@5.......
#.#######.########..##
#................
....#.
########....#####
#.... ...............#
##.#.##
#######....###.#
#.....# #....# #.#
#.....# #....###.#
#.....#### #........#
#.........


You could see a white imp.

Vanquished Creatures
  Sigmund (D:2)
  An ogre (D:5)
  2 bombardier beetles (D:5)
  A howler monkey (D:5)
  A hound (D:5)
  3 iguanas
  6 gnolls
  7 adders
  3 ribbon worms
  3 dart slugs
  An orc (D:4)
  5 ball pythons
  6 endoplasms
  2 giant cockroaches
  9 goblins
  4 hobgoblins
  4 kobolds
  2 quokkas
  7 bats
  3 frilled lizards
  5 rats
76 creatures vanquished.

Vanquished Creatures (others)
  An adder (D:3)
1 creature vanquished.

Grand Total: 77 creatures vanquished

Notes
Turn   | Place    | Note
-------+----------+-------------------------------------------
     0 | D:1      | NotreDorf the Mummy Alchemist began the quest for the Orb.
     0 | D:1      | Reached XP level 1. HP: 13/13 MP: 4/4
   173 | D:1      | Reached skill level 1 in Conjurations
   221 | D:1      | Reached skill level 3 in Spellcasting
   225 | D:1      | Reached XP level 2. HP: 19/19 MP: 1/6
   980 | D:1      | Learned a level 2 spell: Mercury Vapours
  1130 | D:2      | Reached XP level 3. HP: 18/24 MP: 5/7
  1134 | D:2      | Learned a level 3 spell: Mephitic Cloud
  1288 | D:2      | Noticed Sigmund
  1305 | D:2      | Killed Sigmund
  1306 | D:2      | Reached skill level 4 in Spellcasting
  1306 | D:2      | Reached XP level 4. HP: 11/30 MP: 3/10
  1306 | D:2      | Reached XP level 5. HP: 12/35 MP: 3/12
  2150 | D:2      | Learned a level 4 spell: Sticky Flame
  2310 | D:3      | Found Hehel's Distillery.
  2396 | D:3      | Reached XP level 6. HP: 40/41 MP: 7/13
  2502 | D:3      | Reached skill level 5 in Spellcasting
  3108 | D:4      | Found a staircase to the Ecumenical Temple.
  3138 | Temple   | Entered the Ecumenical Temple
  3144 | Temple   | Became a worshipper of Vehumet
  3490 | D:4      | Found a broken altar of Ashenzari.
  3490 | D:4      | Found a stormy altar of Qazlal.
  3490 | D:4      | Found a bloodstained altar of Trog.
  3490 | D:4      | Found a sparkling altar of Nemelex Xobeh.
  4022 | D:4      | Learned a level 4 spell: Olgreb's Toxic Radiance
  4043 | D:5      | Entered Level 5 of the Dungeon
  4094 | D:5      | Reached skill level 1 in Air Magic
  4105 | D:5      | Reached skill level 1 in Fire Magic
  4157 | D:5      | Reached XP level 7. HP: 33/46 MP: 7/15
  4353 | D:5      | HP: 1/46 [white imp/puff of frost (4)]
  4354 | D:5      | Slain by a white imp

Illustrated notes

Levels and vault maps discovered:
D:1:      ldierk_walled_garden_2, layout_loops_ring, serial_bayou_crossing
D:2:      layout_basic, uniq_sigmund
D:3:      layout_rooms, serial_shops, nicolae_shop_rolling_square,
          lemuel_flame_loot_1
D:4:      layout_loops_ring, chequers_temple_overflow_statue_of_worship,
          temple_pool_b
D:5:      layout_basic
Temple:   eino_temple_rhombus

Skill      XL: |  1  2  3  4  5  6 |
---------------+-------------------+-----
Conjurations   | 1 2 3 |  3.3
Spellcasting   | 3 4 5 |  5.6
Alchemy        | 3 4 |  4.1
Stealth        | 2 |  2.0
Air Magic      | 1 |  1.6
Fire Magic     | 1 |  1.6
Dodging        | |  1.5

Action                     |  1- 3 |  4- 6 |  7- 9 || total
---------------------------+-------+-------+-------++-------
  Melee: Unarmed           |     9 |       |       ||     9
         Spear             |    18 |    46 |    22 ||    86
         Punch             |       |     1 |       ||     1
   Cast: Sting             |    37 |    77 |     7 ||   121
         Mercury Vapours   |     1 |       |       ||     1
         Mephitic Cloud    |       |     1 |     1 ||     2
   Stab: Confused          |       |     2 |       ||     2
 Armour: Robe              |    21 |    16 |    19 ||    56
  Dodge: Dodged            |    20 |    20 |    13 ||    53
